 Dungeon Crawl Stone Soup version 0.27.1-1-g398f81649c (console) character file.

Game seed: 2188871473189743234

26 om the Vexing (level 2, 0/15 HPs)
             Began as a Vampire Enchanter on Sept 8, 2021.
             Slain by a worm (11 damage)
             ... on level 2 of the Dungeon.
             The game lasted 00:02:20 (1536 turns).

om the Vexing (Vampire Enchanter)                   Turns: 1536, Time: 00:02:21

Health: 0/15       AC:  2    Str:  7    XL:     2   Next: 89%
Magic:  2/5        EV: 13    Int: 17    God:
Gold:   59         SH:  0    Dex: 14    Spells: 2/5 levels left

rFire    . . .     SeeInvis +   a - +2 dagger
rCold    + + .     Faith    .   (no shield)
rNeg     + + +     Spirit   .   b - +0 robe
rPois    ∞         Reflect  .   (no helmet)
rElec    .         Harm     .   (no cloak)
rCorr    .         Rampage  .   (no gloves)
Will     .....                  (no boots)
Stlth    +++++.....             (no amulet)
HPRegen  0.00/turn              (no ring)
MPRegen  0.09/turn              (no ring)

@: bloodless, inhibited regen
A: bloodless, fangs 3, see invisible, vampiric 1
a: Revivify


You were on level 2 of the Dungeon.
You visited 1 branch of the dungeon, and saw 2 of its levels.

You collected 59 gold pieces.

Inventory:

Hand Weapons
 a - a +2 dagger (weapon)
Armour
 b - a +0 robe (worn)
Scrolls
 e - a scroll of amnesia {unknown}
 g - a scroll of enchant armour {unknown}
Potions
 c - 2 potions of might
 d - a potion of berserk rage {unknown}
 f - a potion of brilliance {unknown}
 h - a potion of mutation {unknown}


   Skills:
 * Level 2.1 Short Blades
 * Level 2.9 Dodging
 - Level 4.4 Stealth
 + Level 2.2 Spellcasting
 - Level 4.4 Hexes


You had 2 spell levels left.
You knew the following spells:

 Your Spells              Type           Power      Damage    Failure   Level
a - Corona                Hex            17%        N/A       3%          1
b - Ensorcelled Hibernat  Hex/Ice        18%        N/A       12%         2

Your spell library contained the following spells:

 Spells                   Type           Power      Damage    Failure   Level
 Sandblast                Erth           2%         2d4       19%         1
 Shock                    Conj/Air       4%         1d3       19%         1
 Summon Small Mammal      Summ           4%         N/A       19%         1
 Confusing Touch          Hex            16%        N/A       10%         3
 Tukima's Dance           Hex            16%        N/A       10%         3
 Dazzling Flash           Conj/Hex       18%        N/A       22%         3
 Ozocubu's Armour         Ice            1%         N/A       50%         3
 Metabolic Englaciation   Hex/Ice        4%         N/A       91%         5
 Simulacrum               Ice/Necr       0%         N/A       100%        6


Dungeon Overview and Level Annotations

Branches:
Dungeon (2/15)

Altars:


Innate Abilities, Weirdness & Mutations

You do not regenerate when monsters are visible.
You are frail without blood (-20% HP).
You can heal yourself when you bite living creatures.
You are immune to poison.
You have razor-sharp teeth.
You have supernaturally acute eyesight. (SInv)
You are afflicted with vampirism.


Message History

There is a stone staircase leading down here.
h - a green potion
Found 6 gold pieces.
You now have 59 gold pieces (gained 6).
A worm comes into view.
A worm is nearby!
The helpless worm fails to defend itself.
You puncture the worm! Your bite misses the worm.
The worm is almost dead.
The worm bites you.
Casting: Corona (safe; 3% risk of failure)
Confirm with . or Enter, or press ? or * to list all spells.
Aiming: Ensorcelled Hibernation (safe; 12% risk of failure)
Press: ? - help, Shift-Dir - straight line, f - worm
Aim: a worm (almost dead, chance to affect: 50%)
The worm resists with some effort.
You completely miss the worm.
The worm is almost dead.
The worm closely misses you.
Casting: Ensorcelled Hibernation (safe; 12% risk of failure)
Confirm with . or Enter, or press ? or * to list all spells.
Aiming: Ensorcelled Hibernation (safe; 12% risk of failure)
Press: ? - help, Shift-Dir - straight line, f/p - worm
Aim: a worm (severely wounded, chance to affect: 50%)
The worm resists with some effort.
Casting: Ensorcelled Hibernation (safe; 12% risk of failure)
Confirm with . or Enter, or press ? or * to list all spells.
You don't have enough magic to cast this spell.
You hit the worm.
The worm is almost dead.
You barely miss the worm.
The worm is almost dead.
The worm bites you.
You hit the worm but do no damage.
The worm is severely wounded.
You hit the worm. You bite the worm.
The worm is almost dead.
The worm bites you!
Ouch! That really hurt!
You die...

...##.# #########.......#
##.##.# ###.......#.#####.#
......# ##.#.##.........##.#
##.#### #.......##.#.##.##.#
##.# ##.#.#####.#.##.##.###
...# #####
#.#.#####.#.........# ####
#...###.#.......###..####.# #
#.#.....######### #..####.# #
###.......######### #....##.#
#......##.#.......# #..#.##.#
####............@w...#
#.##.##.#
...#<...#.##.#.......#
#......>#
.....................#
####.####
...#.........#.......# #.#
####.####..###.......######.#
#.......###.......##.....#
######.........#####.#####
##..#####.# #.# #..#####.#
#.# #.....##.# #.# ##.##.##.#
#.#


You could see a worm.

Vanquished Creatures
  A dart slug (D:1)
  4 ball pythons
  2 endoplasms
  A goblin (D:1)
  4 hobgoblins
  3 bats
  A frilled lizard (D:1)
  3 kobolds
  4 rats
23 creatures vanquished.

Notes
Turn   | Place    | Note
-------+----------+-------------------------------------------
     0 | D:1      | om the Vampire Enchanter began the quest for the Orb.
     0 | D:1      | Reached XP level 1. HP: 13/13 MP: 3/3
   295 | D:1      | Reached XP level 2. HP: 15/15 MP: 5/5
  1192 | D:2      | Got Spellcraft for Neophytes
  1196 | D:2      | Learned a level 2 spell: Ensorcelled Hibernation
  1536 | D:2      | Slain by a worm

Illustrated notes

Levels and vault maps discovered:
D:1:      tarquinn_simple_flora_water_a, layout_basic
D:2:      layout_loops_cross

Skill      XL: |  1  2 |
---------------+-------+-----
Short Blades   | 2 |  2.1
Dodging        | |  2.9
Stealth        | |  4.4
Spellcasting   | |  2.2
Hexes          | |  4.4

Action                   || total
-------------------------++-------
Melee: Dagger            ||    58
       Bite              ||     3
 Cast: Corona            ||     5
       Ensorcelled Hiber ||     2
 Abil: Exsanguinate      ||     1
  Use: Scroll            ||     2
 Stab: Sleeping          ||    14
       Distracted        ||     1
Armor: Robe              ||     6
Dodge: Dodged            ||    23
